 Dungeon Crawl Stone Soup version 0.30.1-1-g62c8e00024 (webtiles) character file.

Game seed: 6182806226750133050

4816 safid the Frost Mage (level 10, -2/80 HPs)
             Began as a Merfolk Ice Elementalist on July 17, 2023.
             Was a Priest of Vehumet.
             Slain by an ogre
             ... wielding a +0 giant club
              (20 damage)
             ... on level 9 of the Dungeon.
             The game lasted 00:17:45 (9343 turns).

safid the Frost Mage (Merfolk Ice Elementalist)     Turns: 9343, Time: 00:17:45

Health: -2/80      AC: 14    Str:  9    XL:     10   Next: 48%
Magic:  0/39       EV: 15    Int: 18    God:    Vehumet [***...]
Gold:   468        SH:  5    Dex: 15    Spells: 16/23 levels left

rFire   . . .        o - +3 whip (vamp)
rCold   . . .        y - +0 buckler
rNeg    . . .        a - +0 robe
rPois   .            f - +0 helmet
rElec   .            G - +0 cloak
rCorr   .            B - +0 pair of gloves
SInv    .            M - +0 pair of boots
Will    .....        h - amulet of guardian spirit
Stlth   ++           l - ring of magical power
HPRegen 0.33/turn    s - ring of magical power
MPRegen 0.26/turn

%: guardian spirit
@: ice-armoured, freezing walls
A: (nimble swimmer 2), mertail
a: Renounce Religion


You were on level 9 of the Dungeon.
You worshipped Vehumet.
Vehumet was most pleased with you.
You visited 2 branches of the dungeon, and saw 10 of its levels.

You collected 468 gold pieces.

Inventory:

Hand Weapons
 o - a +3 vampiric whip (weapon)
Missiles
 L - 5 curare-tipped darts
Armour
 a - a +0 robe (worn)
 f - a +0 helmet (worn)
 y - a +0 buckler (worn)
 B - a +0 pair of gloves (worn)
 G - a +0 cloak (worn)
 M - a +0 pair of boots (worn)
Jewellery
 h - an amulet of guardian spirit (around neck)
 l - a ring of magical power (left hand)
 s - a ring of magical power (right hand)
Wands
 m - a wand of mindburst (13)
 q - a wand of paralysis (8)
 w - a wand of roots (17)
Scrolls
 c - a scroll of amnesia
 d - a scroll of acquirement {unknown}
 g - a scroll of enchant weapon
 k - a scroll of brand weapon {unknown}
 n - 7 scrolls of teleportation
 p - 2 scrolls of fear
 v - a scroll of blinking {unknown}
 x - a scroll of torment {unknown}
 E - 3 scrolls of fog {unknown}
 F - a scroll of enchant armour {unknown}
 H - a scroll of noise {unknown}
 J - a scroll of vulnerability {unknown}
Potions
 b - a potion of magic
 e - a potion of haste {unknown}
 i - 2 potions of curing {unknown}
 j - 2 potions of degeneration {unknown}
 r - a potion of invisibility
 t - 2 potions of ambrosia {unknown}
 u - 2 potions of heal wounds {unknown}
 z - a potion of cancellation {unknown}
 A - a potion of flight {unknown}
 C - 2 potions of brilliance {unknown}
 D - a potion of mutation {unknown}
 I - 2 potions of resistance


   Skills:
 + Level 8.2 Fighting
 - Level 8.0 Dodging
 - Level 2.1 Stealth
 - Level 4.0 Shields
 + Level 7.3 Spellcasting
 + Level 9.6 Ice Magic


You had 16 spell levels left.
You knew the following spells:

 Your Spells              Type           Power      Damage    Failure   Level
a - Freeze                Ice            100%       1d10      1%          1
b - Frozen Ramparts       Ice            82%        1d13      1%          3
c - Ozocubu's Armour      Ice            41%        N/A       1%          3

Your spell library contained the following spells:

 Spells                   Type           Power      Damage    Failure   Level
 Inner Flame              Hex/Fire       6%         N/A       12%         3
 Summon Ice Beast         Ice/Summ       24%        N/A       21%         4
 Summon Guardian Golem    Hex/Summ       6%         N/A       41%         3
 Orb of Destruction       Conj           3%         9d5       100%        7
 Spellforged Servitor     Conj/Summ      3%         N/A       100%        7


Dungeon Overview and Level Annotations

Branches:
Dungeon (9/15)             Temple (1/1) D:4             Orc (0/2) D:9
   Lair: D:8-11

Altars:
Ashenzari
Cheibriados
Dithmenos
Elyvilon
Fedhas
Gozag
Hepliaklqana
Kikubaaqudgha
Makhleb
Nemelex Xobeh
Okawaru
Qazlal
Ru
Sif Muna
Trog
Uskayaw
Vehumet
Wu Jian
Xom
Yredelemnul
Zin
The Shining One
Ignis

Shops:
D:8 *

Annotations:
D:7 1 runed translucent door, Crazy Yiuf


Innate Abilities, Weirdness & Mutations

((You are very nimble when in or above water. (Stealth+, EV+, Speed+++)))
Your lower body shifts to a powerful aquatic tail in water.


Message History

The walls around you are covered in ice.
The kobold brigand shouts!
You feel sick.
The wall freezes the gnoll sergeant.
The gnoll sergeant barely misses you.
Unknown command.
You feel sick.
The wall freezes the gnoll sergeant!
The gnoll sergeant hits you from afar with a +0 spear.
You feel sick.
The wall freezes the gnoll sergeant but does no damage.
The gnoll sergeant hits you but does no damage.
You feel sick.
The wall freezes the gnoll sergeant but does no damage.
The gnoll sergeant hits you but does no damage.
You feel sick.
You are no longer poisoned.
The wall freezes the gnoll sergeant!
You kill the gnoll sergeant!
Vehumet accepts your kill.
You feel your power returning.
The wall freezes the ogre.
Casting: Frozen Ramparts (safe; 1% risk of failure)
Confirm with . or Enter, or press ? or * to list all spells.
Aiming: Freeze (safe; 1% risk of failure)
Press: ? - help, Shift-Dir - straight line, f - ogre
Aim: an ogre, wielding a +0 giant club (lightly wounded)
You freeze the ogre!
The ogre is moderately wounded.
The wall freezes the ogre!
The ogre hits you with a +0 giant club!
* * * LOW HITPOINT WARNING * * *
The wall freezes the troll!
Casting: Freeze (safe; 1% risk of failure)
Confirm with . or Enter, or press ? or * to list all spells.
Aiming: Freeze (safe; 1% risk of failure)
Press: ? - help, Shift-Dir - straight line, f/p - ogre
Aim: an ogre, wielding a +0 giant club (heavily wounded)
You freeze the ogre.
The ogre is severely wounded.
The wall freezes the troll.
The wall freezes the ogre!
The ogre hits you with a +0 giant club!!
You die...

###########
..........#
##########.#.#
......TO@..#.#
######O#####.#
8.. #.# #o..
#.# #..o #.#


#oog #.############ #8gT #..<.........# #### ##########.#.# #...#.. You could
see a troll, 2 ogres and an orc.

Vanquished Creatures
  Maurice (D:8)
  A wraith (D:6)
  A wyvern (D:7)
  3 yaks (D:8)
  A steam dragon (D:7)
  3 water moccasins
  2 ice beasts (D:7)
  5 orc warriors
  2 sky beasts
  3 ogres
  A centaur (D:8)
  2 phantoms
  3 kobold brigands
  2 bullfrogs
  2 gnoll sergeants (D:9)
  4 scorpions
  5 wights (D:8)
  A howler monkey (D:6)
  7 hounds
  4 jellies
  5 orc priests
  3 iguanas
  A sleepcap (D:5)
  4 orc wizards
  A mummy (D:6)
  7 gnolls
  8 adders
  5 white imps
  2 ufetubi
  A dart slug (D:1)
  42 orcs
  6 endoplasms
  3 giant cockroaches (D:1)
  5 goblins
  9 hobgoblins
  3 jackals (D:4)
  6 quokkas
  6 ball pythons
  7 bats
  2 frilled lizards (D:3)
  14 kobolds
  6 rats
199 creatures vanquished.

Vanquished Creatures (others)
  A human (D:6)
1 creature vanquished.

Grand Total: 200 creatures vanquished

Notes
Turn   | Place    | Note
-------+----------+-------------------------------------------
     0 | D:1      | safid the Merfolk Ice Elementalist began the quest for the
                  | Orb.
     0 | D:1      | Reached XP level 1. HP: 13/13 MP: 3/3
   286 | D:1      | Reached XP level 2. HP: 14/20 MP: 0/5
   351 | D:1      | Reached skill level 1 in Fighting
   621 | D:1      | Reached XP level 3. HP: 15/26 MP: 1/6
  1066 | D:1      | Learned a level 3 spell: Frozen Ramparts
  1070 | D:1      | Learned a level 3 spell: Ozocubu's Armour
  1112 | D:2      | Reached skill level 5 in Ice Magic
  1112 | D:2      | Reached XP level 4. HP: 29/33 MP: 3/8
  1470 | D:2      | Reached XP level 5. HP: 37/39 MP: 9/9
  2057 | D:2      | Found a faded altar of an unknown god.
  2517 | D:3      | Noticed a water moccasin
  2533 | D:3      | Killed a water moccasin
  2534 | D:3      | Reached skill level 6 in Ice Magic
  2534 | D:3      | Reached XP level 6. HP: 48/48 MP: 11/11
  3185 | D:4      | Found a staircase to the Ecumenical Temple.
  3192 | Temple   | Entered the Ecumenical Temple
  3256 | Temple   | Became a worshipper of Vehumet
  3287 | D:4      | Found a basalt altar of Yredelemnul.
  3622 | D:4      | Reached XP level 7. HP: 25/55 MP: 13/13
  3850 | D:4      | HP: 1/55 [phantom (7)]
  4325 | D:5      | Entered Level 5 of the Dungeon
  4378 | D:5      | Reached skill level 1 in Shields
  4609 | D:5      | Reached * piety under Vehumet
  4609 | D:5      | Offered knowledge of Foxfire by Vehumet.
  4614 | D:5      | Reached XP level 8. HP: 48/61 MP: 15/15
  4723 | D:5      | Reached skill level 5 in Fighting
  4723 | D:5      | Reached skill level 7 in Ice Magic
  4761 | D:5      | Found an opulent altar of Gozag.
  4896 | D:5      | Reached skill level 5 in Spellcasting
  5131 | D:5      | Identified the +1 dagger of Mukiergh {freeze, Will+}
  5608 | D:6      | Found a sparkling altar of Nemelex Xobeh.
  5609 | D:6      | Found an ancient bone altar of Kikubaaqudgha.
  5918 | D:6      | Found a sacrificial altar of Ru.
  6007 | D:6      | Reached skill level 5 in Dodging
  6169 | D:6      | Offered knowledge of Sandblast by Vehumet.
  6175 | D:6      | Reached ** piety under Vehumet
  6276 | D:6      | Noticed a wraith
  6289 | D:6      | Killed a wraith
  6290 | D:6      | Reached XP level 9. HP: 53/69 MP: 17/17
  6612 | D:6      | Found a snail-covered altar of Cheibriados.
  6792 | D:7      | Reached skill level 8 in Ice Magic
  6998 | D:7      | Found a glowing golden altar of the Shining One.
  7152 | D:7      | Found a shimmering altar of Xom.
  7313 | D:7      | Offered knowledge of Mephitic Cloud by Vehumet.
  7619 | D:7      | Found the +5 robe of Misfortune {Harm *Corrode *Slow EV+5}
  8060 | D:7      | Found a runed translucent door.
  8061 | D:7      | Noticed Crazy Yiuf
  8294 | D:8      | Reached XP level 10. HP: 22/71 MP: 10/19
  8466 | D:8      | Found a blossoming altar of Fedhas.
  8676 | D:8      | Reached *** piety under Vehumet
  8677 | D:8      | Reached skill level 9 in Ice Magic
  8859 | D:8      | Found Leklycw's Assorted Antiques.
  8984 | D:8      | Noticed Maurice
  8999 | D:8      | Killed Maurice
  9234 | D:8      | Found a hazy altar of Hepliaklqana.
  9306 | D:9      | Found a staircase to the Orcish Mines.
  9313 | D:9      | Offered knowledge of Inner Flame by Vehumet.
  9343 | D:9      | Slain by an ogre

Illustrated notes

Levels and vault maps discovered:
D:1:      minmay_arrival_loop, layout_basic
D:2:      layout_basic, hellmonk_ecumenical_altar_leap_of_faith,
          minmay_stone_trees_small
D:3:      layout_rooms, serial_glass, glass_columns_b, glass_columns_b,
          glass_columns_b, glass_columns_b, glass_columns_a, glass_columns_a,
          item_on_display_a, minmay_strange_pillars
D:4:      layout_gridville, mainiacjoe_overflow_catwalk,
          minmay_temple_entry_wispy
D:5:      layout_basic, lemuel_crystal_altar
D:6:      layout_rooms, mainiacjoe_overflow_alcove_1, amcnicky_altar_gilded,
          chei_slow_surprise, tgw_kikubaaqudgha
D:7:      layout_rooms, mainiacjoe_overflow_boulevard,
          mainiacjoe_overflow_small_starburst, hex_medium,
          hangedman_minor_gate_pass, uniq_crazy_yiuf_cottage
D:8:      layout_cave_pools, mainiacjoe_overflow_surrounded_room,
          mainiacjoe_overflow_brackets, serial_shops, shop_fountains,
          uniq_maurice
D:9:      layout_loops_ring, erik_lair_dragon,
          kennysheep_orc_monster_closet_entryway,
          nicolae_shop_distant_corner_stores
Temple:   pdpol_scorched_temple

Skill      XL: |  1  2  3  4  5  6  7  8  9 10 |
---------------+-------------------------------+-----
Fighting       | 1 2 3 4 6 7 8 |  8.2
Ice Magic      | 5 6 7 8 9 |  9.6
Spellcasting   | 3 4 5 6 7 |  7.3
Dodging        | 3 5 7 8 |  8.0
Shields        | 1 3 4 |  4.0
Stealth        | |  2.1

Action                     |  1- 3 |  4- 6 |  7- 9 | 10-12 || total
---------------------------+-------+-------+-------+-------++-------
  Melee: Flail             |    65 |     1 |       |       ||    66
         Punch             |     1 |       |       |       ||     1
         Short sword       |       |    23 |       |       ||    23
         Whip              |       |    54 |   270 |    49 ||   373
         Tailslap          |       |       |     4 |       ||     4
   Cast: Freeze            |    25 |    33 |    47 |     2 ||   107
         Frozen Ramparts   |     1 |    11 |    49 |    15 ||    76
         Ozocubu's Armour  |       |     5 |    44 |     9 ||    58
    Use: Potion            |       |       |     2 |       ||     2
         Scroll            |       |       |     8 |       ||     8
   Stab: Sleeping          |     3 |     1 |     1 |       ||     5
 Armour: Robe              |    29 |    16 |   123 |    17 ||   185
  Dodge: Dodged            |    63 |    67 |   232 |    30 ||   392
  Block: Buckler           |       |       |    70 |    15 ||    85
